 Dungeon Crawl Stone Soup version 0.25-a0-190-g27fffb8c76 (webtiles) character file.

Game seed: 15122678756027507077, levelgen mode: deterministic

590 Goreval the Poker (level 7, -2/55 HPs)
             Began as a Demonspawn Fighter on Nov 30, 2019.
             Splashed by Ijyb's acid (12 damage)
             ... on level 4 of the Dungeon.
             The game lasted 00:11:45 (4591 turns).

Goreval the Poker (Demonspawn Fighter)              Turns: 4591, Time: 00:11:45

Health: -2/55      AC:  9    Str: 18    XL:     7   Next: 15%
Magic:  16/16      EV:  7    Int: 10    God:
Gold:   157        SH:  9    Dex: 12    Spells: 6/6 levels left

rFire    + . .     SeeInvis .   a - +0 trident
rCold    + . .     Gourm    .   c - +0 shield
rNeg     + . .     Faith    .   p - +0 pearl dragon scales
rPois    .         Spirit   .   v - +0 helmet
rElec    .         Reflect  .   (no cloak)
rCorr    .         Harm     .   (no gloves)
MR       .....                  (no boots)
Stlth    ..........             (no amulet)
HPRegen  0.18/turn              q - ring of protection from fire
MPRegen  0.15/turn              g - ring of magical power

@: lethally poisoned (-2 -> -5), corroded
A: hooves 2, cold resistance 1, foul stench 1, rot immunity, MP-powered wands
a: no special abilities


You were on level 4 of the Dungeon.
You were hungry.

You visited 1 branch of the dungeon, and saw 4 of its levels.

You collected 157 gold pieces.

Inventory:

Hand Weapons
 a - a +0 trident (weapon)
 b - a +0 spear of venom
Missiles
 e - 98 stones (quivered)
Armour
 c - a +0 shield (worn)
 p - +0 pearl dragon scales (worn)
 v - a +0 helmet (worn)
Jewellery
 g - a ring of magical power (right hand)
 q - a ring of protection from fire (left hand)
 B - a cursed -3 ring of strength {unknown}
Wands
 y - a wand of flame (14)
 z - a wand of polymorph (7)
Scrolls
 d - a scroll of amnesia {unknown}
 j - 4 scrolls of teleportation {unknown}
 k - a scroll of fear {unknown}
 l - 3 scrolls of remove curse
 s - 4 scrolls of identify
 u - a scroll of fog {unknown}
 A - a scroll of enchant weapon {unknown}
Potions
 h - 2 potions of invisibility
 i - a potion of ambrosia {unknown}
 m - 4 potions of heal wounds {unknown}
 n - a potion of curing
 o - 2 potions of cancellation {unknown}
 r - a potion of agility
 t - a potion of lignification {unknown}
 w - a potion of haste {unknown}
Comestibles
 f - 11 rations


   Skills:
 + Level 4.5 Fighting
 * Level 4.6 Polearms
 + Level 4.1 Armour
 + Level 4.1 Shields


You had 6 spell levels left.
You didn't know any spells.
Your spell library was empty.

Dungeon Overview and Level Annotations

Branches:
Dungeon (4/15)
 Temple: D:4-7

Altars:
Ashenzari
Dithmenos
Fedhas
Ru

Annotations:
D:4 1 runed translucent door, Crazy Yiuf, Ijyb


Innate Abilities, Weirdness & Mutations

You have hoof-like feet.
Your flesh is cold resistant. (rC+)
You may emit foul miasma when damaged in melee.
You are immune to rotting.
You expend magic power (3 MP) to strengthen your wands.


Message History

Aim: Ijyb, wielding a +0 club, wearing a +3 leather armour of poison resistance and carrying a wand of acid (9) (heavily wounded)
The worker ant is in the way.
You puncture the worker ant!
You kill the worker ant!
You feel sick.
Attack whom?
Aim: Ijyb, wielding a +0 club, wearing a +3 leather armour of poison resistance and carrying a wand of acid (9) (heavily wounded)
You hit Ijyb. Your kick misses Ijyb.
You feel sick. Ijyb hits you but does no damage.
Your shield and pearl dragon scales prevent you from hitting Ijyb.
Ijyb zaps a wand.
The bolt of acid hits you! The acid corrodes you!
You are splashed with acid!
Attack whom?
Okay, then.
You barely miss Ijyb.
You feel sick. You block Ijyb's attack.
You closely miss Ijyb.
Ijyb zaps a wand.
The bolt of acid hits you!
* * * LOW HITPOINT WARNING * * *
You are splashed with acid!
You die...

........###...##........
##.#.#.........# #.....
#.#.#..###..#.# #.... #......#
#..#.#.#...# ###
#.###..###..#.#.#...# # ..
##.###...............# .. .
........###..#.#.#...# ..
.#+###....<..#.###...#### #.#.
....##..........@g........ ....
.............#.####....... ....
.....#.#.....#.# ...###.
.....#[#.....#.## ...#
.###.#.......#..#######
..................##
'###########.......####### ..#
#.#......#P.#.### ###
..##########.#.......P..#..##...#


You could see Ijyb.

Vanquished Creatures
  A hound (D:4)
  2 orc priests (D:4)
  2 iguanas (D:4)
  2 worker ants (D:4)
  Natasha (thrice) (D:3)
  6 orc wizards (D:4)
  Robin (D:3)
  4 gnolls
  2 adders
  4 worms
  2 dart slugs
  2 leopard geckos (D:2)
  7 orcs
  3 giant cockroaches
  12 goblins
  16 hobgoblins
  A ball python (D:4)
  A bat (D:3)
  7 frilled lizards
  A giant cockroach zombie (D:4)
  A jackal skeleton (D:4)
  10 kobolds
  12 rats
102 creatures vanquished.

Vanquished Creatures (others)
  An orc wizard (D:4)
1 creature vanquished.

Grand Total: 103 creatures vanquished

Notes
Turn   | Place    | Note
-------+----------+-------------------------------------------
     0 | D:1      | Goreval the Demonspawn Fighter began the quest for the Orb.
     0 | D:1      | Reached XP level 1. HP: 18/18 MP: 1/1
   107 | D:1      | Gained mutation: Your flesh is cold resistant. (rC+)
                  | [demonic ancestry]
   107 | D:1      | Reached XP level 2. HP: 24/24 MP: 2/2
  1057 | D:2      | Gained mutation: You are immune to rotting. [demonic
                  | ancestry]
  1057 | D:2      | Reached XP level 3. HP: 23/29 MP: 3/3
  1168 | D:2      | Found a blossoming altar of Fedhas.
  1341 | D:2      | Found a shattered altar of Ashenzari.
  1801 | D:3      | Gained mutation: You have large cloven feet. [potion of
                  | mutation]
  1801 | D:3      | Gained mutation: You can translocate small distances at
                  | will. [potion of mutation]
  1801 | D:3      | Lost mutation: You can translocate small distances at will.
                  | [potion of mutation]
  1801 | D:3      | Gained mutation: You expend magic power (3 MP) to
                  | strengthen your wands. [potion of mutation]
  2002 | D:3      | Noticed Natasha
  2019 | D:3      | Killed Natasha
  2019 | D:3      | Gained mutation: You may emit foul miasma when damaged in
                  | melee. [demonic ancestry]
  2019 | D:3      | Reached XP level 4. HP: 8/35 MP: 4/4
  2296 | D:3      | Found a sacrificial altar of Ru.
  2542 | D:3      | Noticed Natasha
  2548 | D:3      | Killed Natasha
  2813 | D:3      | Noticed Natasha
  2819 | D:3      | Noticed Robin
  2822 | D:3      | Killed Natasha
  2822 | D:3      | Mutation became permanent: You have large cloven feet.
                  | [demonic ancestry]
  2822 | D:3      | Gained mutation: You have large cloven feet. [demonic
                  | ancestry]
  2822 | D:3      | Reached XP level 5. HP: 42/42 MP: 5/5
  2867 | D:3      | Killed Robin
  3730 | D:4      | Found a shadowy altar of Dithmenos.
  3858 | D:4      | Reached XP level 6. HP: 33/48 MP: 6/6
  4209 | D:4      | Gained mutation: You have hoof-like feet. [demonic
                  | ancestry]
  4209 | D:4      | Reached XP level 7. HP: 44/55 MP: 7/7
  4556 | D:4      | Found a runed translucent door.
  4557 | D:4      | Noticed Crazy Yiuf
  4578 | D:4      | Noticed Ijyb
  4591 | D:4      | Splashed by Ijyb's acid

Levels and vault maps discovered:
D:1:      dpeg_arrival_radiant, layout_basic, chequers_serial_rivers_small_b
D:2:      layout_loops_cross, lemuel_round_altar, old_standard_altar,
          corexii_corridor_pit, chequers_hall_statues_corner_a
D:3:      layout_loops_corners, old_standard_altar, uniq_natasha, uniq_robin
D:4:      layout_basic, lemuel_blue_sif_altar, marbit_many_paths,
          grunt_dithmenos_smoke_and_mirrors, uniq_crazy_yiuf_cottage,
          uniq_edmund, uniq_ijyb

Skill      XL: |  1  2  3  4  5  6 |
---------------+-------------------+-----
Polearms       | 2 3 4 |  4.6
Shields        | 3 4 |  4.1
Armour         | 3 4 |  4.1
Fighting       | 4 |  4.5

Action                   |  1- 3 |  4- 6 |  7- 9 || total
-------------------------+-------+-------+-------++-------
Melee: Trident           |   204 |   208 |    32 ||   444
       Kick              |     5 |    39 |     7 ||    51
       Spear             |       |     1 |       ||     1
  Use: Scroll            |     6 |       |       ||     6
       Potion            |     3 |     1 |       ||     4
  Eat: Chunk             |     4 |     7 |     1 ||    12
Armor: Scale mail        |    64 |     5 |       ||    69
       Pearl dragon scal |       |    82 |     4 ||    86
Dodge: Dodged            |    35 |    32 |     5 ||    72
Block: Shield            |    77 |    77 |    16 ||   170

Table legend:
 A = Non-vault XP
 B = Vault XP
 C = Vault XP percentage of total XP
 D = Non-vault monster count
 E = Vault monster count
 F = Vault count percentage of total count
                 A         B        C        D         E       F
            +---------+---------+-------+---------+---------+-------
      Total |     771 |      72 |   8.5 |      90 |      13 |  12.6
            +---------+---------+-------+---------+---------+-------
        D:1 |      39 |       0 |   0.0 |      25 |       0 |   0.0
        D:2 |      28 |       0 |   0.0 |      15 |       0 |   0.0
        D:3 |     124 |      72 |  36.7 |      20 |      13 |  39.4
        D:4 |     580 |       0 |   0.0 |      30 |       0 |   0.0
            +---------+---------+-------+---------+---------+-------
